 Dungeon Crawl Stone Soup version 0.27.1-37-g7b29ead8ac (console) character file.

Game seed: 9059020053493993513

743 grimtooth the Summoner (level 7, -4/69 HPs)
             Began as a Barachi Summoner on July 16, 2023.
             Was a Follower of Elyvilon.
             Slain by a lemure (7 damage)
             ... led by Pikel
             ... on level 6 of the Dungeon on July 17, 2023.
             The game lasted 00:52:30 (10014 turns).

grimtooth the Summoner (Barachi Summoner)          Turns: 10014, Time: 00:52:30

Health: -4/69      AC: 23    Str: 10    XL:     7   Next: 76%
Magic:  9/11       EV:  2    Int: 23    God:    Elyvilon [*.....]
Gold:   265        SH:  0    Dex: 12    Spells: 2/12 levels left

rFire    + . .     SeeInvis .   e - +0 dagger
rCold    . . .     Faith    .   (no shield)
rNeg     + + +     Spirit   .   (armour currently unavailable)
rPois    +         Reflect  .   (helmet currently unavailable)
rElec    .         Harm     .   (cloak currently unavailable)
rCorr    .         Rampage  .   (gloves currently unavailable)
Will     .....     NoTele   +   (boots currently unavailable)
Stlth    +++.......             n - amulet of magic regeneration
HPRegen  0.21/turn              f - ring of protection from fire
MPRegen  0.37/turn              A - +6 ring of intelligence

@: tree-form, unable to hop, hasted, very quick
A: stationary, stasis, torment immunity, boosted hp, (amphibious), (slowness 1),
(strong legs 1), +LOS
a: Renounce Religion, Lesser Healing, Divine Protection


You were on level 6 of the Dungeon.
You worshipped Elyvilon.
Elyvilon was aware of your devotion.
You were a tree.
You visited 2 branches of the dungeon, and saw 7 of its levels.

You collected 265 gold pieces.

Inventory:

Hand Weapons
 e - a +0 dagger (weapon)
Missiles
 b - 122 stones (quivered)
 m - 29 sling bullets
 z - 9 boomerangs
Armour
 a - a +0 robe (melded)
 y - a +0 pair of gloves (melded)
Jewellery
 f - a ring of protection from fire (left branch)
 n - an amulet of magic regeneration (around neck)
 A - a +6 ring of intelligence (right branch)
Wands
 x - a wand of iceblast (6)
Scrolls
 g - 4 scrolls of vulnerability {unknown}
 h - a scroll of silence
 k - 3 scrolls of enchant armour
 q - a scroll of torment
 r - 3 scrolls of amnesia {unknown}
 s - 2 scrolls of teleportation
 t - a scroll of fog {unknown}
 u - a scroll of enchant weapon {unknown}
 w - a scroll of fear {unknown}
Potions
 d - 3 potions of resistance
 i - 2 potions of attraction
 j - 2 potions of brilliance
 l - a potion of ambrosia {unknown}


   Skills:
 - Level 2.1 Dodging
 + Level 5.5 Stealth
 - Level 3.0 Spellcasting
 + Level 8.7 Summonings


You had 2 spell levels left.
You knew the following spells:

 Your Spells              Type           Power      Damage    Failure   Level
L - Summon Small Mammal   Summ           100%       N/A       1%          1
M - Call Imp              Summ           43%        N/A       1%          2
N - Call Canine Familiar  Summ           43%        N/A       1%          3
P - Summon Lightning Spi  Summ/Air       23%        N/A       19%         4

Your spell library contained the following spells:

 Spells                   Type           Power      Damage    Failure   Level
 Passwall                 Tmut/Erth      2%         N/A       17%         2
 Static Discharge         Conj/Air       3%         N/A       17%         2
 Summon Guardian Golem    Hex/Summ       23%        N/A       6%          3
 Swiftness                Air            3%         N/A       34%         3
 Dispel Undead            Necr           3%         3d7       75%         4
 Sticky Flame             Conj/Fire      3%         2d3       75%         4
 Invisibility             Hex            1%         N/A       100%        6


Dungeon Overview and Level Annotations

Branches:
Dungeon (6/15)             Temple (1/1) D:4

Altars:
Ashenzari
Cheibriados
Elyvilon
Gozag
Hepliaklqana
Kikubaaqudgha
Makhleb
Nemelex Xobeh
Okawaru
Qazlal
Sif Muna
Trog
Uskayaw
Wu Jian
Yredelemnul

Annotations:
D:5 3 runed translucent doors, yahweh's ghost, amateur MiBe
D:6 Pikel


Innate Abilities, Weirdness & Mutations

You are a tree.
Your roots penetrate the ground, keeping you stationary.
You cannot be teleported.
You are immune to unholy pain and torment.
Your maximum health is greatly increased.
Your equipment is partially melded.
((You are amphibious.))
((You cover ground slowly.))
((You can hop short distances.))
You have an extended range of vision and can be seen from far away.


Message History

* * * LOW HITPOINT WARNING * * *
You closely miss the lemure.
The lemure is lightly wounded.
Your rat closely misses the lemure.
The lemure hits you but does no damage. The lemure hits you.
* * * LOW HITPOINT WARNING * * *
Okay, then.
What are your orders? t - Creak!
Orders for allies: a - Attack new target. p - Attack previous target. r - Retreat! s - Stop attacking. g - Guard the area. f - Follow me.
Anything else - Cancel.
Gang up on whom?
Press: ? - help, Dir - move target, f - Pikel, p - lemure
Aim: Pikel, wielding a +0 whip of flaming and wearing a +1 robe (severely wounded) Attack!
Your rat closely misses the lemure.
The lemure hits you but does no damage.
Okay, then.
Okay, then.
Enter note: - iguess this is not gonna work
Press: ? - help, v - describe, . - travel
Here: Pikel, wielding a +0 whip of flaming and wearing a +1 robe (severely wounded, ally target)
The floor.
You closely miss Pikel.
Pikel is severely wounded.
Your rat bites the lemure but does no damage.
The lemure hits you but does no damage.
You closely miss Pikel.
Pikel is severely wounded.
Pikel hits you with a +0 whip of flaming.
* * * LOW HITPOINT WARNING * * *
Pikel burns you.
* * * LOW HITPOINT WARNING * * *
Your rat bites the lemure but does no damage.
The lemure hits you but does no damage.
You feel yourself speed up. Pikel hits you but does no damage.
Your rat bites the lemure but does no damage.
The lemure hits you!
You die...

.. .....###$#######.....
#. #................# #.
#####.######...... #.
##.........#### #.
####...#...######
#.######....####..<....#
#.#.....5####............
#...#########.#.....#...#
#..## ###.....#.55... .#.
##..####.r.#####...#...
..
#.......5♣h.........#..#
. ##.#####K#######.#..
### #. ###5S# #..#..#
#.##.).#######....#
#.>..............#
##############..#....
.... #.... ... ##


You could see Pikel (ally target), 2 lemures, an adder, a friendly wolf
(summoned) and a friendly rat (summoned).

Vanquished Creatures
  2 adders
  2 gnolls (D:3)
  An adder skeleton (D:5)
  An adder zombie (D:2)
  2 orcs
  2 bat zombies (D:2)
  3 endoplasms
  A giant cockroach (D:4)
  4 goblins
  A hobgoblin (D:3)
  4 quokkas
  3 bats (D:2)
  2 frilled lizards (D:2)
  A kobold (D:3)
  A quokka skeleton (D:2)
  A rat (D:2)
31 creatures vanquished.

Vanquished Creatures (collateral kills)
  A sky beast (D:6)
  A black bear (D:5)
  2 ogres
  2 lemures
  2 phantoms
  A wyvern zombie (D:5)
  A scorpion (D:5)
  2 water moccasin skeletons (D:5)
  A wyvern skeleton (D:5)
  A centaur zombie (D:5)
  A hound (D:5)
  A jelly (D:4)
  An orc priest (D:4)
  Ijyb (D:4)
  3 orc wizards
  3 gnolls
  5 adders
  A shadow imp (D:5)
  An adder zombie (D:2)
  4 adder skeletons
  2 worms
  2 dart slugs
  8 orcs
  2 bats
  A bat zombie (D:2)
  6 endoplasms
  3 goblins
  4 hobgoblins
  2 jackals (D:2)
  3 kobolds
  A quokka (D:1)
  3 ball pythons
  3 frilled lizards
  A jackal zombie (D:2)
  A quokka zombie (D:2)
  3 rats
80 creatures vanquished.

Vanquished Creatures (others)
  8 withered plants (D:2)
8 creatures vanquished.

Grand Total: 119 creatures vanquished

Notes
Turn   | Place    | Note
-------+----------+-------------------------------------------
     0 | D:1      | grimtooth the Barachi Summoner began the quest for the Orb.
     0 | D:1      | Reached XP level 1. HP: 13/13 MP: 3/3
   372 | D:1      | Reached skill level 5 in Summonings
   696 | D:1      | Reached XP level 2. HP: 9/19 MP: 1/5
  2047 | D:1      | Learned a level 2 spell: Call Imp
  2208 | D:2      | Reached XP level 3. HP: 24/24 MP: 2/7
  3256 | D:2      | Reached skill level 6 in Summonings
  3807 | D:2      | Reached XP level 4. HP: 27/30 MP: 8/8
  4196 | D:3      | Found an opulent altar of Gozag.
  5120 | D:3      | Learned a level 3 spell: Call Canine Familiar
  5203 | D:4      | Noticed a phantom
  5247 | D:4      | Killed a phantom
  5248 | D:4      | Reached XP level 5. HP: 12/35 MP: 9/9
  5848 | D:4      | Found a burning altar of Makhleb.
  6366 | D:4      | Noticed Ijyb
  6410 | D:4      | Found a staircase to the Ecumenical Temple.
  7064 | D:4      | Killed Ijyb
  7431 | Temple   | Entered the Ecumenical Temple
  7477 | Temple   | Became a worshipper of Elyvilon the Healer
  7534 | D:5      | Entered Level 5 of the Dungeon
  7553 | D:5      | Found a runed translucent gate.
  7553 | D:5      | Found a runed translucent gate.
  7553 | D:5      | Found a runed translucent gate.
  7555 | D:5      | Noticed yahweh's ghost (amateur MiBe)
  7556 | D:5      | Noticed a kobold brigand
  7581 | D:5      | Reached skill level 7 in Summonings
  7714 | D:5      | Reached XP level 6. HP: 37/41 MP: 7/10
  8093 | D:5      | Learned a level 4 spell: Summon Lightning Spire
  8588 | D:5      | Noticed a black bear
  8599 | D:5      | Killed a black bear
  8600 | D:5      | Reached skill level 8 in Summonings
  8600 | D:5      | Reached XP level 7. HP: 39/46 MP: 11/11
  8698 | D:5      | Found a faded altar of an unknown god.
  8698 | D:5      | Found a hide-covered altar of Uskayaw.
  8704 | D:5      | Found an ornate altar of the Wu Jian Council.
  8706 | D:5      | Found a hazy altar of Hepliaklqana.
  8707 | D:5      | Found a stormy altar of Qazlal.
  9356 | D:3      | Reached skill level 5 in Stealth
  9551 | D:6      | Reached * piety under Elyvilon
  9584 | D:6      | Noticed Pikel
 10012 | D:6      | - iguess this is not gonna work
 10013 | D:6      | HP: 3/69 [Pikel (1)]
 10014 | D:6      | Slain by a lemure

Illustrated notes

.. .....###$#######.....
#. #................# #.
#####.######...... #.
##.........#### #.
####...#...######
#.######....####..<....#
#.#.....5####............
#...#########.#.....#...#
#..## ###.....#.55... .#.
##..####.r.#####...#...
..
#.......5♣h.........#..#
. ##.#####K#######.#..
### #. ###5S# #..#..#
#.##.).#######....#
#.>..............#
##############..#....
.... #.... ... ##


Turn 10012 on D:6: - iguess this is not gonna work

Levels and vault maps discovered:
D:1:      minmay_arrival_split_and_join, layout_rooms
D:2:      layout_loops_cross, serial_undead, serial_undead_b, serial_undead_f,
          serial_undead_e, serial_undead_f, serial_undead_d, serial_undead_d
D:3:      layout_loops_ring, nicolae_gozag_cash_rules_everything_around_me
D:4:      layout_loops_corners, mainiacjoe_overflow_chevrons,
          minmay_temple_entry_mist, uniq_ijyb
D:5:      layout_cave_pools, chequers_temple_overflow_minitemple,
          gammafunk_ghost_nasty_kobolds, hellmonk_bongcloud_opening
D:6:      layout_rooms, minmay_splitting_lines, uniq_prince_ribbit1, uniq_pikel,
          uniq_sigmund
Temple:   jpeg_temple_island

Skill      XL: |  1  2  3  4  5  6  7 |
---------------+----------------------+-----
Summonings     | 5 6 7 8 |  8.7
Spellcasting   | 3 |  3.0
Stealth        | 2 3 4 5 |  5.5
Dodging        | |  2.1

Action                   |  1- 3 |  4- 6 |  7- 9 || total
-------------------------+-------+-------+-------++-------
Melee: Unarmed           |    21 |       |       ||    21
       Dagger            |   112 |   130 |    49 ||   291
Throw: Stone             |     6 |       |       ||     6
 Cast: Summon Small Mamm |    50 |    10 |    14 ||    74
       Call Imp          |     7 |    16 |       ||    23
       Call Canine Famil |       |    18 |    11 ||    29
 Abil: Hop               |     1 |     1 |     2 ||     4
Evoke: Wand              |       |       |     1 ||     1
  Use: Scroll            |       |     9 |     2 ||    11
       Potion            |       |     2 |     3 ||     5
 Stab: Sleeping          |     2 |     6 |     2 ||    10
Armor: Robe              |    47 |    25 |     4 ||    76
       Skin              |       |       |    10 ||    10
Dodge: Dodged            |   132 |    56 |    31 ||   219
